[Event "67th Mexican-ch Open 2022"]
[Site "Chihuahua"]
[Date "2022.04.16"]
[Round "7.15"]
[White "Flores Guerrero, Jesus Aldair"]
[Black "Maass Garza R, Alejandro"]
[Result "0-1"]
[ECO "D00"]
[WhiteElo "2251"]
[BlackElo "2265"]
[Annotator "TA"]
[PlyCount "78"]
[EventDate "2022.04.12"]
[EventType "swiss"]
[EventCountry "MEX"]
[SourceTitle "playchess.com"]
[Source "ChessBase"]
[SourceQuality "1"]
[TimeControl "5400+30"]

1. f4 d5 2. Nf3 Nf6 3. e3 c5 4. d4 e6 5. c3 Nc6 6. Bd3 Bd6 7. O-O cxd4 8. exd4 O-O {[%emt 0:01:16] D00: 1 d4 d5: Unusual lines.} 9. Qe2 Qb6 10. Kh1 Re8 {[%emt 0:04:37] White has an edge.} 11. Ne5 {[%emt 0:03:10] [#]} Ne7 $146 ({Predecessor:} 11... Nd7 12. Nd2 Nf8 13. Qf3 Ne7 14. Qf2 f6 15. Ng4 Nf5 16. h3 Ng6 17. g3 Bd7 {0-1 (70) Freitag,M (1610)-Van Dijk,G (1795) Germany 2009}) 12. Nd2 g6 13. Rf3 h5 14. Nf1 (14. Rh3 $16) 14... Kg7 15. g3 (15. Rh3 $14) 15... Nf5 16. h3 Rh8 17. Kg2 ({White should try} 17. Kg1 $11) 17... Bd7 (17... Ne4 $5) 18. Rf2 Bc6 19. g4 (19. Ne3 $15) 19... hxg4 {[%emt 0:03:04] Really sharp! &Nero is more active.} 20. hxg4 Nh4+ 21. Kg1 Ne4 {[%emt 0:01:48] Prevents Ng3.} 22. Rh2 (22. Nc4 $17 {was worth a try.} Nxc3 23. Nxb6 Nxe2+ 24. Bxe2 axb6 25. Bd3) 22... Rh7 23. Nf3 $2 {[%emt 0:00:00] Now White is beyond hope.} (23. Nc4 $17 Nxc3 24. Nxb6 Nxe2+ 25. Bxe2 axb6 26. Rh1) 23... Rah8 $19 ({Avoid the trap} 23... Nxf3+ $2 24. Qxf3 Rxh2 25. Nxh2 $19) 24. Nxh4 ({Inferior is} 24. Ne5 g5 25. Rh3 gxf4 26. Bxf4 Qc7 $17) 24... Rxh4 25. Be3 Rxh2 26. Nxh2 Qd8 27. Bxe4 dxe4 28. g5 Rh3 29. Rf1 $2 (29. Re1) 29... Qh8 $2 (29... Bb5 30. Qf2 (30. Qxb5 $2 Rxe3 31. Rf2 Qh8 $19) 30... Bxf1 31. Nxf1 Qh8) 30. d5 $2 (30. Qf2 Bb5 31. Rc1) 30... Rg3+ 31. Kh1 Bxd5 {[%emt 0:00:11] This bishop pair is nice.} 32. c4 Bc6 {[%emt 0:00:29] [#] Hoping for ...Qh3.} 33. b4 (33. Rg1 $142 Rh3 34. b4) 33... Qh3 34. b5 Rxe3 35. Qb2+ Kg8 {[%emt 0:00:09] Strongly threatening ...Rf3.} 36. bxc6 bxc6 37. c5 {[%emt 0:01:48] [#]} Bxf4 $1 38. Rxf4 (38. Qd2 Rf3) 38... Re1+ 39. Rf1 Rxf1# {[%emt 0:00:08] Weighted Error Value: White=1.07/Black=0.28 (precise)} 0-1

[Event "67th Mexican-ch Open 2022"]
[Site "Chihuahua"]
[Date "2022.04.16"]
[Round "7.16"]
[White "Jorajuria Mendoza, Algol"]
[Black "Tapie Amione, Pablo Adib"]
[Result "1-0"]
[ECO "B40"]
[WhiteElo "2006"]
[BlackElo "2241"]
[Annotator "TA"]
[PlyCount "138"]
[EventDate "2022.04.12"]
[EventType "swiss"]
[EventCountry "MEX"]
[SourceTitle "playchess.com"]
[Source "ChessBase"]
[SourceQuality "1"]
[TimeControl "5400+30"]

1. e4 e6 2. d4 c5 3. Nf3 cxd4 4. Qxd4 Nc6 5. Qe3 Nf6 6. Be2 {[%emt 0:00:05] B40: Sicilian: 2...e6, Unusual lines.} d5 7. exd5 {[%emt 0:00:04] [#]} Nb4 $146 (7... Qxd5 8. Nc3 Qf5 9. Bd3 $14) ({Predecessor:} 7... Nxd5 8. Qb3 Bc5 9. O-O O-O 10. Rd1 Qc7 11. Nc3 Nxc3 12. Qxc3 Qb6 13. Be3 Bxe3 14. fxe3 {½-½ (59) Artemiev,V (2706)-Chigaev,M (2599) Sochi 2018}) 8. Na3 {[%emt 0:15:23] And now dxe6 would win. The position is equal.} Nbxd5 9. Qb3 Qa5+ 10. Bd2 Bb4 11. O-O Bxd2 12. Nc4 Qc7 13. Nfxd2 O-O 14. Bf3 b6 15. a4 Ba6 16. Rfc1 Rad8 17. a5 {[%emt 0:10:19] Strongly threatening axb6.} b5 18. Ne3 Nf4 19. Rd1 Nd7 (19... Qe7 $11) 20. Qb4 $1 $14 Ng6 21. Ne4 Nde5 22. Be2 Nc6 (22... Bb7 $14) 23. Qc5 $1 $16 Nge7 ({Black should try} 23... Nge5) 24. Nd6 $1 (24. Bxb5 $6 Bxb5 25. Qxb5 Rb8 $14) 24... Rd7 25. Bxb5 {[%emt 0:02:54] &Bianco is much more active.} (25. Nxb5 Rxd1+ 26. Nxd1 (26. Rxd1 Qxa5 27. c4 Rc8 $14) 26... Bxb5 27. Bxb5 Qe5 28. Qxe5 Nxe5 $16) 25... Bxb5 26. Nxb5 Rxd1+ 27. Nxd1 Qb8 28. a6 Rd8 {[%emt 0:00:31] White must now prevent ...Rd5.} 29. Ne3 {[%emt 0:00:56] Against Rd5} f5 30. c4 Rd2 31. b3 Qf4 32. Nf1 $1 ({But not} 32. Nxa7 $2 Qxf2+ 33. Kh1 f4 $19) 32... Rd7 33. b4 Qe5 34. Qxe5 Nxe5 35. Na3 Rc7 (35... Kf7 $16) 36. b5 $18 {[%emt 0:00:23][%cal Ob5b6] Threatens to win with b6!} Nc8 (36... Nxc4 $2 37. Rc1 $18) 37. Re1 Nxc4 (37... Nd3 38. Rxe6 Kf7) 38. Nxc4 $2 ({White must play} 38. Rc1 $1 $18 ) 38... Rxc4 $14 39. Rxe6 $18 {[%emt 0:00:03][%mdl 4096] Endgame KRN-KRN} Kf7 40. Re5 (40. Re1 $14) 40... Rc1 (40... Nd6 $1 $11 {keeps the balance.}) 41. Rxf5+ $16 Ke7 42. g4 Nd6 {[%emt 0:00:10] [#]} 43. Rh5 (43. Re5+ $142 $1 Kf6 44. Rh5) 43... h6 44. Kg2 ({Reject} 44. b6 $6 axb6 45. Kg2 (45. Re5+ Kf6 $11) 45... Ra1 $11) 44... Rb1 45. Rc5 {[%emt 0:01:47] Hoping for Rc7+.} Kd7 {[%emt 0:00:19] Inhibits Rc7+.} 46. Ne3 g6 {[%emt 0:00:23] Against Nf5} (46... Rxb5 $16 {was worth a try.} 47. Rxb5 Nxb5) 47. g5 $18 h5 {[%emt 0:00:15] [#]} 48. Nd5 $1 {[%emt 0:00:46][%cal Ob5b6] b6! is the strong threat.} Nxb5 (48... Rxb5 49. Rxb5 Nxb5) 49. Nf4 Kd6 50. Rd5+ Kc6 51. Re5 Rb4 52. Nxg6 Rg4+ 53. Kf3 Nd4+ 54. Ke3 Nc2+ 55. Kd2 Nd4 56. Kd3 {[%emt 0:00:07] aiming for h3.} Nf3 57. Ke3 Nxh2 58. Ne7+ Kd6 $2 (58... Kd7 {keeps fighting.} 59. Ng6 h4 60. Re7+ Kd6) 59. f4 {[%emt 0:00:04] White is clearly winning.} Nf1+ 60. Ke4 h4 61. Nf5+ Kc6 62. Re6+ Kb5 63. Rh6 Nd2+ 64. Ke3 Nf1+ 65. Kf3 Nh2+ 66. Ke4 Rg1 67. Nxh4 Ng4 68. Re6 Rh1 69. Nf3 Rh3 {[%emt 0:01:40] Weighted Error Value: White=0.19 (very precise) /Black=0.38} 1-0

[Event "67th Mexican-ch Open 2022"]
[Site "Chihuahua"]
[Date "2022.04.16"]
[Round "7.17"]
[White "Flores Irurso, Paul Josue"]
[Black "Avila Rodriguez, Joshua Ad"]
[Result "0-1"]
[ECO "B90"]
[WhiteElo "1912"]
[BlackElo "2182"]
[Annotator "TA"]
[PlyCount "108"]
[EventDate "2022.04.12"]
[EventType "swiss"]
[EventCountry "MEX"]
[SourceTitle "playchess.com"]
[Source "ChessBase"]
[SourceQuality "1"]
[TimeControl "5400+30"]

1. e4 c5 2. Nf3 d6 3. d4 cxd4 4. Nxd4 Nf6 5. Nc3 a6 6. Be3 e5 7. Nb3 Be7 8. f3 Be6 9. Qd2 h5 10. O-O-O Nbd7 11. Kb1 Rc8 $1 {[%emt 0:01:15][%mdl 4] is more profitable than 11...b5 at the moment.} 12. Nd5 {[%emt 0:14:47] B90: Sicilian Najdorf: Unusual White 6th moves, 6 Be3 Ng4 and 6 Be3 e5.} Nxd5 13. exd5 Bf5 14. Bd3 {[%emt 0:00:24] The position is equal.} Bxd3 15. Qxd3 Bg5 16. Rhe1 O-O 17. g4 {[%emt 0:03:29] [#]} h4 $146 (17... Bxe3 $11 18. Qxe3 (18. Rxe3 Qg5 $11) 18... hxg4) ({Predecessor:} 17... hxg4 18. fxg4 Bxe3 19. Rxe3 Qg5 20. Rh3 g6 21. Rf1 Kg7 22. Nd2 Nc5 23. Qe2 Rh8 {1-0 (31) Zaichenko,D (2104)-Carroll,T (2033) Chess.com INT 2021}) 18. Bxg5 Qxg5 19. Qf5 Qxf5 20. gxf5 Nf6 {[%emt 0:00:21] Inhibits Re4.} 21. Nd2 Nh5 (21... Nxd5 22. Ne4 Ne7 23. f6 (23. Nxd6 Rcd8 $11) 23... gxf6 24. Nxf6+ (24. Rxd6 f5 $11) 24... Kg7 25. Nd7 $11 (25. Rxd6 Rfd8 $14)) 22. Ne4 Rfd8 23. Rg1 f6 (23... Kf8 $11) 24. Rg4 $14 h3 25. Rdg1 Kf7 26. Rh4 (26. f4 $1 $16) 26... Nf4 $11 27. Rgg4 Rd7 $1 (27... Nxd5 $2 28. Rh7 Rg8 29. Nxd6+ Ke7 30. Nxc8+ Rxc8 31. Rgxg7+ Kd6 32. Rxb7 $18) 28. Rh7 Rg8 29. c4 Rdd8 30. Kc2 Ne2 $2 (30... b6 $11 {and Black stays safe.}) 31. Rg6 $1 $18 {[%emt 0:03:08] Black must now prevent Rxf6+.} Kf8 {[%emt 0:13:01] [#]} 32. Kd2 ({Worse is} 32. Rxh3 Nf4 33. Rh7 Nxg6 34. fxg6 b5 $15) ({Better is} 32. Nxf6 $1 $16 gxf6 33. Rxf6+ Ke8 34. Rff7 (34. Re6+ Kf8 $16)) 32... Nd4 $11 33. Rxh3 Nxf5 34. Rh7 Ne7 ({Much less strong is} 34... Nd4 35. h4 $16) 35. Rg1 Kf7 36. b3 Nf5 37. Ng3 (37. Kd3 $11 {remains equal.}) 37... Nd4 $17 38. Ke3 Rh8 39. Rxh8 Rxh8 {[%emt 0:00:04][%mdl 4096] Endgame KRN-KRN} 40. Rg2 g5 {[%emt 0:10:42] &Nero is more active.} 41. Ne4 Ke7 42. b4 Rh3 (42... Nf5+ $142 43. Kd3 Rh3) 43. Ng3 $2 (43. Rf2 $17 {was called for.}) 43... f5 $19 44. Kf2 b6 45. a4 $2 (45. Kf1) 45... Kf6 46. a5 bxa5 47. c5 (47. bxa5 $142 Rh4 48. c5) 47... axb4 48. c6 Ke7 49. Kf1 b3 50. Rb2 a5 {[%emt 0:01:12] Hoping for ...a4.} 51. Ne2 Rxh2 {[%emt 0:03:16] Black mates.} 52. Nxd4 Rxb2 53. Nxf5+ Kd8 54. Nxd6 Rc2 {[%emt 0:00:10] Black used his chance.  Weighted Error Value: White=0.55/Black=0.20 (precise)} 0-1

[Event "67th Mexican-ch Open 2022"]
[Site "Chihuahua"]
[Date "2022.04.16"]
[Round "7.18"]
[White "Lopez Raygoza, Luis Alberto"]
[Black "Guerrero Cataldo, Juan Andres"]
[Result "1/2-1/2"]
[ECO "B10"]
[WhiteElo "2207"]
[BlackElo "1976"]
[Annotator "TA"]
[PlyCount "79"]
[EventDate "2022.04.12"]
[EventType "swiss"]
[EventCountry "MEX"]
[SourceTitle "playchess.com"]
[Source "ChessBase"]
[SourceQuality "1"]
[TimeControl "5400+30"]

1. e4 c6 2. Nf3 d5 3. exd5 cxd5 4. Ne5 Nc6 5. Bb5 Qc7 6. d4 {[%emt 0:05:38] B10: Caro-Kann: 2 d3 and 2 c4.} a6 (6... e6 $11) 7. Ba4 {[%emt 0:04:58] &Bianco is much more active.} (7. Bxc6+ $14 bxc6 8. Nc3) 7... b5 $11 8. Nxc6 Qxc6 9. Bb3 Nf6 10. a4 {[%emt 0:01:43] [#]} Bd7 $146 ({Predecessor:} 10... b4 11. a5 Bd7 12. Nd2 e6 13. Nf3 Bd6 14. Ne5 Qc7 15. Nxd7 Nxd7 16. Qg4 Kf8 {½-½ (45) Schulte,C (2109)-Winkler,F (1668) Goch 2006}) 11. Nd2 e6 12. Nf3 Bd6 (12... Bb4+ 13. c3 Bd6 14. axb5 $11) 13. Ne5 Bxe5 14. dxe5 Ne4 15. Qg4 Rg8 {[%emt 0:00:00] [#]} (15... Qc7 $11 {remains equal.}) 16. O-O $1 $16 Qc7 17. axb5 Bxb5 18. Re1 Nc5 (18... Rc8 $142) 19. Be3 Nd7 ({Less strong is} 19... Nxb3 20. cxb3 Qxe5 21. Rac1) 20. Bg5 {[%emt 0:00:00][%cal Ob3d5] [#] aiming for Bxd5!} Nb6 21. Bd2 Nc4 22. Bxc4 (22. Bc3 $142) 22... Qxc4 23. Qg5 ({Don't take} 23. Qxc4 Bxc4 24. b3 Bb5 $14) (23. Qh3 $16) 23... h6 24. Qg3 g5 25. Rec1 ({Better is} 25. Qa3 $16) 25... Rc8 26. Qa3 d4 27. Qg3 Rc5 28. b3 Qe2 29. Bb4 Rc7 ({Weaker is} 29... Rxc2 30. Rxc2 Qxc2 31. Qf3 $16) 30. c4 (30. Rd1 $16) 30... dxc3 $11 31. Bxc3 {[%emt 0:00:00] Bb4 is the strong threat.} (31. Rxc3 {seems wilder.} Qb2 32. Rd1 Rxc3 33. Bxc3 Qe2 34. Re1) 31... Qd3 32. Qxd3 Bxd3 33. Ba5 (33. Bb4 $5 Rxc1+ 34. Rxc1 $14) 33... Rxc1+ {[%emt 0:00:00] The position is equal.} 34. Rxc1 {[%emt 0:00:00][%mdl 4096] Endgame Strongly threatening Rc8+. KRB-KRB} Kf8 35. f3 Kg7 36. Kf2 Rb8 37. Rc3 Bb5 38. g4 Kg6 39. Ke3 h5 40. gxh5+ {[%emt 0:05:47] Black defended with fortune.  Weighted Error Value: White=0.19 (very precise) /Black=0.21 (precise)} 1/2-1/2

[Event "67th Mexican-ch Open 2022"]
[Site "Chihuahua"]
[Date "2022.04.16"]
[Round "7.19"]
[White "Paredes Guzman, Francisco Javier"]
[Black "Capo Vidal, Uriel"]
[Result "1-0"]
[ECO "D31"]
[WhiteElo "1891"]
[BlackElo "2306"]
[Annotator "TA"]
[PlyCount "121"]
[EventDate "2022.04.12"]
[EventType "swiss"]
[EventCountry "MEX"]
[SourceTitle "playchess.com"]
[Source "ChessBase"]
[SourceQuality "1"]
[TimeControl "5400+30"]

1. d4 d5 2. c4 e6 3. Nc3 a6 4. c5 b6 5. cxb6 cxb6 6. Nf3 {[%emt 0:01:27] D31: Queen's Gambit Declined: Semi-Slav without ...Nf6 (+ Marshall Gambit and Noteboom) and Exchange Variation lines without ...Nf6.} Bb7 7. Bf4 Bd6 8. Bxd6 {[%emt 0:17:27] The position is equal.} Qxd6 9. e3 Nd7 10. Qb3 Ngf6 11. Bd3 O-O 12. O-O b5 {[%emt 0:05:40] [#]} 13. a3 $146 ({Predecessor:} 13. Rfc1 Rfc8 14. h3 g6 15. Bf1 Rc7 16. Ne2 Nb6 17. Rxc7 Qxc7 18. Qb4 Ne4 19. Rc1 {½-½ (47) Del Rio de Angelis,S (2546)-Garcia Martin,M (2301) Roquetas de Mar 2019}) 13... Ne4 14. Qb4 Qxb4 15. axb4 Nxc3 16. bxc3 Rfc8 17. Rfc1 Rc7 18. Nd2 Rac8 19. Nb1 Nb6 20. Ra3 Kf8 21. Kf1 Na4 22. Ke2 Bc6 23. Bc2 Be8 24. Bxa4 bxa4 25. Kd2 a5 (25... Ke7 $15) 26. bxa5 $11 Ra7 27. Ra1 Rxa5 28. Na3 {[%emt 0:00:49] Against Rb5} Rd8 29. Rab1 f6 30. Rb7 e5 31. Ra1 Ra6 32. Nc2 e4 ({Black should play} 32... Ra5 $11) 33. Na3 ({Of course not} 33. Nb4 Ra5 $11) 33... Rc8 34. Rc1 f5 35. h4 h6 36. g3 Kg8 37. Nc2 Kf8 38. Nb4 Ra5 39. Ra1 Bb5 40. Nxd5 Bc6 41. Rc7 {[%emt 0:00:15] &Bianco is much more active.} Rxc7 42. Nxc7 $16 {[%emt 0:00:04][%mdl 4096] [#] Endgame c4 is the strong threat. KRB-KRN} Ke7 43. c4 {[%emt 0:00:28][%cal Bc3c4,Bc4b5][%mdl 32] Hoping for Kc3.} Kd6 44. Nb5+ Bxb5 45. cxb5 {[%emt 0:00:05] KR-KR} Kc7 (45... Rxb5 $16 46. Rxa4 Rb2+ 47. Ke1 Rb6) 46. Kc3 $18 {[%emt 0:00:07] [#] Strongly threatening Kb4.} Kb6 47. Kc4 {[%emt 0:00:14] And now h5 would win.} a3 48. Ra2 {[%emt 0:01:16] Black must now prevent h5.} Ra4+ $2 {[%emt 0:01:14] Loses the game.} (48... g6 $16 {keeps fighting.} 49. Kc3 h5) 49. Kb3 Kxb5 50. Rxa3 Rb4+ 51. Kc2 {[%emt 0:00:17] aiming for Rb3.} Kc4 {[%emt 0:01:45] Against Rb3} (51... g5 52. Rb3 gxh4 53. gxh4 Ka4) 52. Ra5 {[%emt 0:00:39][%csl Gd4][%cal Ra5c5] White is clearly winning.} Rb7 53. Rxf5 Ra7 54. Rc5+ Kb4 55. Kd2 Ra2+ 56. Ke1 Ra7 57. Re5 Kc4 58. Rf5 Re7 59. Kd2 Ra7 60. Rc5+ Kb4 61. Ke2 {[%emt 0:00:04] Weighted Error Value: White=0.06 (flawless) /Black=0.22 (precise)} 1-0

[Event "67th Mexican-ch Open 2022"]
[Site "Chihuahua"]
[Date "2022.04.16"]
[Round "7.20"]
[White "Pena Davalos, David"]
[Black "Hernandez Guerrero, Eduardo"]
[Result "0-1"]
[ECO "A34"]
[WhiteElo "1761"]
[BlackElo "2232"]
[Annotator "TA"]
[PlyCount "86"]
[EventDate "2022.04.12"]
[EventType "swiss"]
[EventCountry "MEX"]
[SourceTitle "playchess.com"]
[Source "ChessBase"]
[SourceQuality "1"]
[TimeControl "5400+30"]

1. Nf3 Nf6 2. c4 e6 3. Nc3 c5 4. e3 b6 5. Be2 d6 (5... Be7 $11) 6. O-O {[%emt 0:00:16] A34: Symmetrical English: 2 Nc3, lines with ...d5.} (6. d4 {keeps more tension.} d5 7. Ne5 Bd6 8. Qa4+) 6... Nbd7 7. b3 (7. d4 $14) 7... Bb7 $11 8. Bb2 {[%emt 0:00:23] The position is equal.} Be7 9. d4 a6 10. Re1 O-O 11. Nd2 {[%emt 0:04:35] [#]} Rb8 $146 ({Predecessor:} 11... cxd4 12. exd4 d5 13. Rc1 Ra7 14. Bf3 Bd6 15. g3 Ba8 {½-½ (15) Krak,T (2266)-Zambor,N (2252) Slovakia 2018}) 12. a4 d5 13. Nf3 Bd6 14. Rc1 Re8 15. cxd5 exd5 16. Rc2 Ne4 17. dxc5 Ndxc5 18. b4 Nxc3 19. Bxc3 Ne4 20. Bd2 (20. Qb1 $11) 20... Re6 $15 21. g3 Rf6 (21... Rh6 $17) 22. Rf1 $11 Qd7 {[%emt 0:00:48] Strongly threatening ...Qh3.} 23. Bc3 (23. Nd4 $1 $11) 23... Nxc3 $15 24. Rxc3 Bxb4 25. Rc1 Re8 26. Nd4 Bc5 $36 {[%emt 0:00:15][%mdl 2048] Black is pushing.} 27. a5 Qe7 (27... Ba3 $5 28. Ra1 Bb2 $17) 28. axb6 Bxb6 29. Rb1 Bc8 30. Bg4 {[%emt 0:00:54] Against Bh3} Qe4 31. Bxc8 Rxc8 32. Rc1 ({White should play} 32. Ne2 $15) 32... Rxc1 $17 {[%emt 0:00:20] &Nero is more active.} 33. Qxc1 {[%emt 0:00:10] [#] Intending Qc8+ and mate.} h5 34. Qc8+ Kh7 35. Qh3 $2 {[%emt 0:00:10] Loses the game.} (35. Qc3 $17) 35... Bxd4 $19 36. exd4 {[%emt 0:00:38][%mdl 4096] Endgame KQR-KQR} g6 ({Not} 36... Qxd4 37. Qxh5+ Kg8 38. Qd1 $15) 37. Rd1 Qe2 38. Qf1 Rxf2 39. Qxf2 (39. Qxe2 Rxe2 40. Ra1) 39... Qxd1+ {[%emt 0:00:05] Black is clearly winning.} 40. Kg2 Kg7 {[%emt 0:00:07] [#] Hoping for ...a5.} 41. Qf4 Qe2+ 42. Kg1 Qe1+ 43. Kg2 Qe4+ {[%emt 0:00:07] Weighted Error Value: White=0.65/Black=0.09 (flawless)} 0-1

[Event "67th Mexican-ch Open 2022"]
[Site "Chihuahua"]
[Date "2022.04.16"]
[Round "7.21"]
[White "Luna Javier, Edgar Froylan"]
[Black "Martinez Martinez, Ian Alf"]
[Result "1-0"]
[ECO "D02"]
[WhiteElo "2148"]
[BlackElo "1821"]
[Annotator "TA"]
[PlyCount "75"]
[EventDate "2022.04.12"]
[EventType "swiss"]
[EventCountry "MEX"]
[SourceTitle "playchess.com"]
[Source "ChessBase"]
[SourceQuality "1"]
[TimeControl "5400+30"]

1. Nf3 Nf6 2. g3 d5 3. Bg2 Bg4 4. d4 e6 5. h3 Bh5 (5... Bxf3 $5 6. Bxf3 c5 $11) 6. Ne5 {[%emt 0:00:49] [#] D02: 1 d4 d5 2 Nf3 sidelines, including 2...Nf6 3 g3 and 2...Nf6 3 Bf4.} Nfd7 $146 ({Predecessor:} 6... Nbd7 7. g4 Bg6 8. Nxg6 hxg6 9. Nc3 c6 10. g5 Nh5 11. e4 Bd6 12. e5 Be7 {1-0 (20) Manis,J-Thornton,A IECG email 2002}) 7. Nd3 f6 8. O-O {[%emt 0:02:04][%cal Oc2c4] White is slightly better.} Na6 9. Nf4 Bf7 10. e4 (10. c4 $5) 10... c6 (10... dxe4 $1 $11 11. Bxe4 c6) 11. Re1 (11. exd5 $16 exd5 12. Re1+ Be7 13. Qe2) 11... Be7 (11... dxe4 $1 $11 12. Bxe4 e5) 12. exd5 $16 exd5 13. Qe2 $1 $36 {[%emt 0:01:44][%mdl 2048] White has strong initiative.} Kf8 14. c4 (14. h4 $16) 14... Nc7 (14... dxc4 $14 15. Ne6+ Bxe6 16. Qxe6 Nb6) 15. cxd5 {[%emt 0:02:47] 0x0.001c68f4b568dp-1022s more active pieces.} cxd5 (15... Nxd5 $16 16. Nxd5 cxd5) 16. Nc3 $18 Nb6 17. a4 ({White should try} 17. h4 $18) 17... Bb4 (17... g5 $16 18. a5 Nc8) 18. Nd3 Bxc3 19. bxc3 {[%emt 0:00:09] Black must now prevent Nc5.} Nc4 20. Nb2 Nd6 21. Nd1 Qd7 22. Ne3 Be6 (22... Kg8 $16 {was called for.} 23. Ba3 Re8) 23. Ba3 {[%emt 0:00:58] And now c4 would win.} Re8 (23... Kg8 {might work better.} 24. Qa2 Nf7) 24. Rab1 b6 25. a5 b5 26. a6 $2 (26. c4 $18 {and White stays clearly on top.} bxc4 27. Rb7) 26... g6 (26... h5 $16 {is a better defense.}) 27. Ng4 Kg7 {[%emt 0:00:27] [#]} (27... Bxg4 28. Qxg4 Rd8) 28. Nxf6 $1 Kxf6 29. Qe5+ Ke7 30. Bxd5 $2 (30. c4 Rhf8 31. c5) 30... Nxd5 31. Qxd5 Rd8 32. Rxb5 {[%emt 0:04:10] Really sharp!} (32. g4 $1 $18 {is more deadly.}) 32... Kf7 $16 33. Qf3+ {[%emt 0:01:50][%mdl 1024] White has compensation.} Kg7 {[%emt 0:00:27] [#]} (33... Kg8 $2 34. Rbe5 Rf8 35. Qxf8+ $3 Kxf8 36. Rxe6 $18) 34. Rbe5 Rhf8 35. Qe2 Bf7 36. Re7 {[%emt 0:03:37][%mdl 64] Skewer} Qb5 {[%emt 0:00:47] [#]} 37. Qe6 {[%emt 0:02:26] Prevents Qd5.} ({Weaker is} 37. Rxa7 Rfe8 38. Qd1 (38. Rxf7+ Kxf7 39. Qf3+ Qf5 $17) 38... Nc8 39. Rxe8 Rxe8 $15) (37. Bb4 $1 $16 {Qe5+ is the strong threat.} Qxe2 38. R1xe2) 37... Nc8 $2 (37... Kg8 $11 38. Qf6 Qf5 39. Qxf5 gxf5) 38. Rb7 {[%emt 0:01:33] Weighted Error Value: White=0.57/Black=0.69} 1-0